 Dungeon Crawl Stone Soup version 0.31-a0-743-g45f7035092 (webtiles) character file.

Game seed: 11602573775386897294

4188 LeprechaunX the Mimic (level 10, -11/62 HPs)
             Began as an Octopode Shapeshifter on Sept 12, 2023.
             Was a Believer of Hepliaklqana.
             Killed from afar by Erolcha (27 damage)
             ... with a fireball
             ... on level 9 of the Dungeon.
             The game lasted 00:16:45 (8001 turns).

LeprechaunX the Mimic (Octopode Shapeshifter)       Turns: 8001, Time: 00:16:46

Health: -11/62     AC:  1    Str: 17    XL:     10   Next: 29%
Magic:  10/10      EV: 35    Int: 12    God:    Hepliaklqana [**....]
Gold:   433        SH:  0    Dex: 13    Spells: 9/9 levels left

rFire   . . .        a - +4 orcbow
rCold   + . .        (shield currently unavailable)
rNeg    . . .        (helmet currently unavailable)
rPois   +            K - amulet of the acrobat
rElec   .            l - ring of poison resistance
rCorr   +            y - ring of resist corrosion
SInv    .            B - ring of protection from cold
Will    .....        C - +5 ring of evasion
Stlth   ++           (no ring)
HPRegen 0.30/turn    (no ring)
MPRegen 0.12/turn    (no ring)
                     (no ring)

%: acrobat
@: beast-form, acrobatic
A: beast (slay +4), reduced essence, almost no armour, amphibious, 8 rings,
camouflage 1, gelatinous body 1, (nimble swimmer 1), tentacles
a: Begin Untransformation, Renounce Religion, Recall Ancestor, Ancestor Identity


You were on level 9 of the Dungeon.
You worshipped Hepliaklqana.
Hepliaklqana was pleased with you.
You were a hulking beast.
You visited 2 branches of the dungeon, and saw 10 of its levels.

You collected 433 gold pieces.

Inventory:

Hand Weapons
 a - a +4 orcbow (weapon)
 i - a +0 sling
Missiles
 h - 7 boomerangs
 p - 2 throwing nets
Jewellery
 l - a ring of poison resistance (left tentacle)
 v - an amulet of magic regeneration
 y - a ring of resist corrosion (right tentacle)
 z - a ring of wizardry
 B - a ring of protection from cold (on tentacle)
 C - a +5 ring of evasion (on tentacle)
 F - a ring of ice
 K - an amulet of the acrobat (around mantle)
Talismans
 b - a beast talisman (active)
 c - a flux talisman
 N - a maw talisman
Wands
 t - a wand of iceblast (14)
 D - a wand of flame (43)
 I - a wand of quicksilver (14)
 M - a wand of paralysis (6)
Scrolls
 d - 3 scrolls of fear
 e - 3 scrolls of fog
 f - 4 scrolls of teleportation
 g - a scroll of immolation
 n - a scroll of vulnerability {unknown}
 q - 2 scrolls of blinking {unknown}
 r - 2 scrolls of enchant weapon
 u - 2 scrolls of noise {unknown}
 w - 3 scrolls of revelation
 A - 2 scrolls of summoning {unknown}
 L - a scroll of poison {unknown}
 O - a scroll of identify
Potions
 j - 5 potions of curing
 k - 3 potions of ambrosia
 m - 2 potions of might
 o - 2 potions of heal wounds
 s - 2 potions of enlightenment {unknown}
 x - a potion of haste {unknown}
 E - a potion of degeneration {unknown}
 G - 2 potions of attraction {unknown}
 H - 2 potions of berserk rage {unknown}
 J - a potion of lignification
 P - a potion of invisibility {unknown}


   Skills:
 + Level 6.4 Fighting
 - Level 3.0 Ranged Weapons
 - Level 5.4 Dodging
 + Level 7.2 Unarmed Combat
 - Level 3.0 Evocations
 * Level 9.0 Shapeshifting


You had 9 spell levels left.
You didn't know any spells.
Your spell library contained the following spells:

 Spells                   Type           Power      Damage    Failure   Level
 Ensorcelled Hibernation  Hex/Ice        0%         N/A       45%         2
 Jinxbite                 Hex            0%         N/A       45%         2
 Anguish                  Hex/Necr       0%         N/A       97%         4
 Iskenderun's Battlesphe  Conj           0%         2d6       100%        5
 Leda's Unmaking          Conj/Erth      0%         9d1       100%        6
 Spellforged Servitor     Conj/Summ      0%         N/A       100%        7


Dungeon Overview and Level Annotations

Branches:
Dungeon (9/15)             Temple (1/1) D:6
   Lair: D:8-11         Orc: D:9-12

Altars:
Ashenzari
Cheibriados
Dithmenos
Elyvilon
Gozag
Hepliaklqana
Kikubaaqudgha
Makhleb
Nemelex Xobeh
Okawaru
Ru
Sif Muna
Trog
Uskayaw
Vehumet
Wu Jian
Xom
Yredelemnul
Zin
The Shining One

Shops:
D:6 :!(

Annotations:
D:7 2 transporters, SmokeWeed's ghost, novice DEHu
D:9 Erolcha


Innate Abilities, Weirdness & Mutations

You are a hulking beast.
Your limbs bulge with bestial killing power. (Slay +4)
Your life essence is reduced to manifest your ancestor. (-10% HP)
You cannot wear most types of armour.
You are amphibious.
You can wear up to eight rings at the same time.
Your skin changes colour to match your surroundings (Stealth+).
Your rubbery body absorbs attacks. (AC +1, EV +1)
((You are camouflaged when in or above water. (Stealth+)))
You have tentacles for arms and can constrict up to eight enemies at once.


Message History

Erolcha casts a spell.
Erolcha blinks!
You shoot an arrow. The arrow closely misses Erolcha.
Erolcha casts a spell.
Erolcha flickers and vanishes!
Deactivating autopickup; reactivate with Ctrl-A.
Fire: a) +4 orcbow
Press: ? - help, Q - select action, (/) - cycle Shift-Dir - straight line You shoot an arrow.
Anedjib avoids your attack.
Fire: a) +4 orcbow
Press: ? - help, Q - select action, (/) - cycle Shift-Dir - straight line You shoot an arrow.
Anedjib avoids your attack.
Anedjib hits something with a +0 dagger of draining. x2
Something hits Anedjib!!
Anedjib hits something with a +0 dagger of draining!
Fire: a) +4 orcbow
Press: ? - help, Q - select action, (/) - cycle Shift-Dir - straight line You shoot an arrow.
Anedjib avoids your attack.
Anedjib barely misses something.
Anedjib hits something but does no damage.
Something hits Anedjib!!
Anedjib is destroyed!
You hear a shout!
Fire: a) +4 orcbow
Press: ? - help, Q - select action, (/) - cycle Shift-Dir - straight line You shoot an arrow.
Unknown command.
You hear some strange, mumbled words.
Something tries to affect you, but you resist.
You hear some strange, mumbled words.
A fireball appears from out of thin air!
The fireball explodes!
The fireball engulfs you!!
You hear some strange, mumbled words.
A fireball appears from out of thin air!
The fireball explodes!
The fireball engulfs you!!
* * * LOW HITPOINT WARNING * * *
You enter the shallow water.
A fireball appears from out of thin air!
The fireball explodes!
The fireball engulfs you!!
You die...

#.# #.# #.# #.# #)#
#.# #.# #.# #.# #.#
#.#######.# #.#
#.....<...# #.#####
#.........# ##.....#
...........# #.h###.#
##..#####..####.####.#
#. #..#≈≈§.~~≈#.# #
#..#≈~...~≈#.#
#..#~.....~#.#
#......§.....#
#.{#~.....~###
#..#†~....~#
#..#≈~~.~~~#


There were no monsters in sight!

Vanquished Creatures
  Pikel (D:5)
  An unseen horror simulacrum (D:9)
  2 water moccasins
  A sky beast (D:7)
  4 ice beasts
  A wolf (D:8)
  2 centaurs
  Blork the orc (D:5)
  A kobold brigand (D:8)
  4 bullfrogs
  A gnoll sergeant (D:8)
  2 scorpions
  2 wights (D:7)
  2 electric eels
  A howler monkey (D:5)
  An iron imp (D:7)
  3 hounds (D:4)
  3 jellies
  2 sleepcaps
  Ijyb (D:3)
  4 iguanas
  2 orc wizards
  4 gnolls (D:8)
  12 adders
  A shadow imp (D:8)
  2 white imps (D:6)
  2 ufetubi (D:5)
  3 worms (D:2)
  3 dart slugs
  19 orcs
  8 ball pythons
  6 endoplasms
  5 giant cockroaches
  6 goblins
  11 hobgoblins
  8 jackals
  4 quokkas
  8 bats
  4 frilled lizards
  14 kobolds
  5 rats
167 creatures vanquished.

Vanquished Creatures (collateral kills)
  Maggie (D:8)
  A komodo dragon (D:8)
  Grum (D:8)
  A sky beast (D:7)
  A black bear (D:7)
  A wolf (D:8)
  A centaur (D:7)
  A bullfrog (D:8)
  A wight (D:7)
  A sleepcap (D:7)
  A gnoll (D:8)
11 creatures vanquished.

Vanquished Creatures (others)
  A hexer (D:9)
  An ancestor (D:7)
2 creatures vanquished.

Grand Total: 180 creatures vanquished

Notes
Turn   | Place    | Note
-------+----------+-------------------------------------------
     0 | D:1      | LeprechaunX the Octopode Shapeshifter began the quest for
                  | the Orb.
     0 | D:1      | Reached XP level 1. HP: 13/13 MP: 1/1
    70 | D:1      | Reached XP level 2. HP: 17/18 MP: 2/2
   206 | D:1      | You fall into a shaft and drop 1 floor!
   223 | D:2      | Reached XP level 3. HP: 20/23 MP: 3/3
   347 | D:2      | Reached XP level 4. HP: 20/29 MP: 4/4
  1836 | D:3      | Noticed Ijyb
  1846 | D:3      | Killed Ijyb
  1847 | D:3      | Reached skill level 4 in Shapeshifting
  1847 | D:3      | Reached XP level 5. HP: 20/34 MP: 5/5
  2340 | D:3      | Found a faded altar of an unknown god.
  2773 | D:3      | Found an ancient bone altar of Kikubaaqudgha.
  2775 | D:3      | Found a bloodstained altar of Trog.
  2775 | D:3      | Found a basalt altar of Yredelemnul.
  2786 | D:3      | Found a shimmering blue altar of Sif Muna.
  2789 | D:3      | Found a sparkling altar of Nemelex Xobeh.
  3119 | D:4      | Reached XP level 6. HP: 41/41 MP: 6/6
  3471 | D:4      | Found a burning altar of Makhleb.
  3613 | D:4      | Reached skill level 5 in Shapeshifting
  3806 | D:5      | Entered Level 5 of the Dungeon
  3809 | D:5      | Noticed an ice beast
  3811 | D:5      | Reached XP level 7. HP: 46/46 MP: 7/7
  4437 | D:5      | Noticed Blork the orc
  4441 | D:5      | Reached XP level 8. HP: 24/54 MP: 8/8
  4443 | D:5      | Killed Blork the orc
  4444 | D:5      | Reached skill level 5 in Unarmed Combat
  4444 | D:5      | Reached skill level 6 in Shapeshifting
  4890 | D:6      | Found Fuyl's Self-Improvement Boutique.
  4909 | D:6      | Found Neulassu's Distillery.
  4937 | D:6      | Found a staircase to the Ecumenical Temple.
  4949 | Temple   | Entered the Ecumenical Temple
  4979 | Temple   | Became a worshipper of Hepliaklqana the Forgotten
  5112 | D:6      | Found Zuyhomut's Antique Weapon Shop.
  5240 | D:6      | Noticed Pikel
  5281 | D:5      | Killed Pikel
  5282 | D:5      | Reached skill level 5 in Fighting
  5282 | D:5      | Reached skill level 5 in Dodging
  5282 | D:5      | Reached skill level 7 in Shapeshifting
  5282 | D:5      | Reached XP level 9. HP: 29/61 MP: 9/9
  5658 | D:7      | Reached * piety under Hepliaklqana
  5800 | D:7      | Found a snail-covered altar of Cheibriados.
  5931 | D:7      | Reached skill level 1 in Evocations
  6040 | D:7      | Found a transporter.
  6040 | D:7      | Noticed SmokeWeed's ghost (novice DEHu)
  6058 | D:7      | Found a transporter.
  6165 | D:7      | Reached skill level 1 in Ranged Weapons
  6493 | D:7      | Reached skill level 8 in Shapeshifting
  6743 | D:8      | Reached ** piety under Hepliaklqana
  6769 | D:8      | Remembered your ancestor Anedjib as a hexer
  7121 | D:8      | Found a shimmering altar of Xom.
  7252 | D:8      | Found a broken altar of Ashenzari.
  7361 | D:8      | Noticed Grum
  7367 | D:8      | Killed Grum
  7368 | D:8      | Reached XP level 10. HP: 61/61 MP: 10/10
  7623 | D:8      | Noticed Maggie
  7634 | D:8      | Killed Maggie
  7869 | D:9      | Reached skill level 9 in Shapeshifting
  7967 | D:9      | Noticed Erolcha
  8001 | D:9      | Killed from afar by Erolcha

Illustrated notes

Levels and vault maps discovered:
D:1:      lightli_arrival_chessboard, layout_basic
D:2:      layout_basic, nicolae_titane
D:3:      cheibrodos_old_hovel, layout_loops_ring,
          minmay_overflow_temple_star_hex,
          shapermc_ecumenical_altar_mp_vishouse, serial_forest,
          infiniplex_forest_lined_3, infiniplex_forest_corner_1,
          infiniplex_forest_lined_corner, infiniplex_forest_end_2,
          infiniplex_forest_straight_3, infiniplex_forest_join,
          infiniplex_forest_pool, infiniplex_forest_corner_1,
          infiniplex_forest_lined_room_2, infiniplex_forest_clump_cross,
          dreamdust_princess_bridge, uniq_ijyb
D:4:      layout_cave_pools, makhleb_heckhound_becter
D:5:      layout_loops_ring, uniq_blork_the_orc
D:6:      layout_cave_pools, temple_green, serial_shops, nicolae_stop_n_shop_1,
          nicolae_shop_getting_attention, nrook_campfire,
          nicolae_shop_self_help, uniq_pikel
D:7:      black_bear_nest_1, layout_basic, chei_slow_surprise,
          gammafunk_ghost_stat_death
D:8:      layout_cave_pods, mainiacjoe_overflow_catch_the_wave, nrook_uturn,
          uniq_maggie, uniq_grum
D:9:      layout_long_grid, grunt_temple_overflow_forces_of_nature,
          zombieorc1_lemuel, serial_ice, serial_ice_j, serial_ice_n,
          serial_ice_f, serial_ice_m, st_stairs_1, uniq_erolcha
Temple:   minmay_temple_curvy_loop

Skill      XL: |  1  2  3  4  5  6  7  8  9 10 |
---------------+-------------------------------+-----
Fighting       | 2 3 5 6 |  6.4
Shapeshifting  | 4 5 7 8 9 |  9.0
Dodging        | 3 4 5 |  5.4
Unarmed Combat | 4 5 6 7 |  7.2
Evocations     | 3 |  3.0
Ranged Weapons | 2 3 |  3.0

Action                     |  1- 3 |  4- 6 |  7- 9 | 10-12 || total
---------------------------+-------+-------+-------+-------++-------
  Melee: Unarmed           |    49 |   222 |   127 |    12 ||   410
         Tentacles         |    11 |    60 |    41 |     1 ||   113
         Constrict         |    12 |    43 |    28 |     3 ||    86
         Punch             |     4 |     7 |    11 |       ||    22
   Fire: Orcbow            |       |       |    54 |    22 ||    76
  Throw: Boomerang         |       |     4 |       |       ||     4
 Invoke: Ancestor Life: He |       |       |     1 |       ||     1
    Use: Scroll            |       |       |     7 |     3 ||    10
   Stab: Sleeping          |     6 |     8 |     8 |       ||    22
 Armour: Skin              |    18 |    53 |    53 |     6 ||   130
  Dodge: Dodged            |    30 |    84 |    85 |     8 ||   207

Table legend: (Time is in decaauts)
 A = Elapsed time spent in this place.
 B = Non-inter-level travel time spent in this place.
 C = Inter-level travel time spent in this place.
 D = Time resting spent in this place.
 E = Time spent auto-exploring this place.
 F = Levels seen in this place.
 G = Mean time per level.
                   A        B        C        D        E       F      G
               +--------+--------+--------+--------+--------+-----+--------+
         Total |   7987 |   7667 |    320 |    170 |   6137 |  10 |  798.7 |
       Dungeon |   7928 |   7666 |    262 |    170 |   6137 |   9 |  880.9 |
        Temple |     59 |      1 |     58 |      0 |      0 |   1 |   59.0 |
               +--------+--------+--------+--------+--------+-----+--------+

Top non-repeatable levels by time:
     D:3: 1321 daAuts
     D:8: 1138 daAuts
     D:5: 1134 daAuts
     D:7: 1088 daAuts
     D:1: 962 daAuts
     D:2: 809 daAuts
     D:4: 690 daAuts
     D:6: 603 daAuts
     D:9: 178 daAuts
  Temple: 59 daAuts
